AoeStats
← Perseu

African Clearing

510701095Analyzed
4v4 RM · 23h ago on Oct 2, 2026· 34m 22s· 8 players
Game mode
Random Map
Map size
Large (8 player)
Population
200
Speed
Normal
Resources
Standard
Victory
Conquest
Starting age
Dark Age
Ending age
Imperial Age
RankedLock teamsTeams togetherTeam positionsShared explorationLock speedFull tech treeHidden civsTurbo modeCheats
Victory
Defeat
🇮🇳 Italians · India
1684
+5
🇭🇰 Danes · Hong Kong SAR China
1594
+7
🇳🇱 Mongols · Netherlands
1554
+8
🇨🇳 Japanese · China
1404
+13
🇧🇷 Berbers · Brazil
1423
-11
🇦🇺 Dravidians · Australia
1380
-8
🇨🇳 Berbers · China
1349
-7
🇨🇴 Mongols · Colombia
1335
-7
Andy
15:01 Feudal Age
15:57 Double-Bit Axe
18:38 Castle Age
17:01 Fletching
17:00 Horse Collar
17:37 Loom
17:40 Town Watch
19:30 Bodkin Arrow
19:46 Bow Saw
23:26 Husbandry
27:12 Ballistics
27:03 Bloodlines
30:52 Elite Skirmisher
31:34 Padded Archer Armor
El_Stino
6:08 Loom
12:53 Feudal Age
13:48 Double-Bit Axe
16:46 Castle Age
18:03 Bow Saw
18:01 Scale Barding Armor
17:59 Husbandry
25:04 Chain Barding Armor
27:16 Bloodlines
27:17 Forging
30:07 Wheelbarrow
32:38 Iron Casting
32:58 Hand Cart
很蓝的啦
9:03 Loom
11:51 Feudal Age
12:47 Town Watch
12:24 Man-at-Arms
12:55 Double-Bit Axe
19:53 Horse Collar
31:07 Stone Mining
34:54 Castle Age
34:01 Scale Mail Armor
34:17 Forging
kerwin
10:20 Loom
13:36 Feudal Age
17:21 Castle Age
15:42 Double-Bit Axe
18:30 Wheelbarrow
17:57 Town Watch
18:35 Bow Saw
23:20 Fletching
24:42 Ballistics
24:48 Bodkin Arrow
26:40 Padded Archer Armor
27:02 Gold Mining
27:02 Stone Mining
30:23 Stone Shaft Mining
35:20 Imperial Age
33:06 Hand Cart
34:40 Leather Archer Armor
Perseu
10:41 Loom
12:48 Feudal Age
16:54 Castle Age
15:59 Double-Bit Axe
18:23 Bow Saw
18:04 Fletching
24:35 Bodkin Arrow
27:37 Wheelbarrow
27:52 Horse Collar
30:49 Ballistics
gifted
3:57 Loom
13:42 Feudal Age
14:43 Double-Bit Axe
17:48 Horse Collar
25:25 Castle Age
24:50 Forging
24:46 Scale Barding Armor
25:54 Light Cavalry
27:11 Iron Casting
27:36 Wheelbarrow
29:43 Chain Barding Armor
800分天才玩家
4:46 Loom
14:23 Feudal Age
18:17 Castle Age
16:32 Double-Bit Axe
22:44 Fletching
26:28 Bloodlines
26:27 Padded Archer Armor
27:50 Bodkin Arrow
[T41] Cristian
4:59 Loom
12:16 Feudal Age
20:13 Wheelbarrow
20:57 Town Watch
22:14 Fletching
23:13 Padded Archer Armor
27:25 Castle Age
29:00 Hand Cart
28:44 Bodkin Arrow
Connection lost

Rejoining the realm…

Still unreachable

The connection could not be restored.

Session expired

The server has moved on; the page needs a fresh start.